woodfighter, neutral female scurrid Archeologist -- --. -- ---.-- --.----- |....--- |....|.. --....... --...... --.......- |.......----......%.| -..................-- |................[..| - |............<...-- |. --...........%-- - ---------- ----- ----..........%.--- |>.........?.............I^..........[...------ | - ----... ----...................| -- |....--.|...........| ----------..|.|...--- -------..| ---- woodfighter the Field Worker Experience level: 5 Strength: 12 Dexterity: 12 Constitution: 11 Intelligence: 16 Wisdom: 16 Charisma: 9 Health: 0(36) Energy: 22(22) Def: 2 Gold: 0 Moves: 864 Dungeon seed: trIGWjfwYyMzxkvo Game ID: woodfighter_1533064677 Your Inventory: Weapons a - a +2 bullwhip (weapon in paw) v - 59 +0 darts (in quiver) w - a blessed +1 dart Armor e - an uncursed +0 leather jacket (being worn) n - an uncursed +0 pair of leather gloves (being worn) y - an uncursed +0 dwarvish cloak z - an uncursed +0 dwarvish cloak C - an uncursed +0 dwarvish cloak D - an uncursed +0 dwarvish cloak M - an uncursed +2 dwarvish cloak N - an uncursed +0 dwarvish cloak Comestibles b - 5 uncursed chestnuts i - an uncursed fortune cookie E - an uncursed food ration Potions P - a blessed potion of confusion Rings K - a blessed +1 ring of increase accuracy Wands d - a wand of light (0:13) j - a wand of striking (0:5) p - a wand of probing (0:5) A - a wand of magic missile (0:6) Tools c - an uncursed pair of lenses (being worn) h - an uncursed oil lamp (0:859) s - an uncursed sack u - a blessed tallow candle (0:200) x - a +0 pick-axe B - an uncursed towel O - 2 uncursed tallow candles (0:200) Gems q - 2 uncursed obsidians r - 2 uncursed jets F - an uncursed amber Q - an uncursed touchstone R - 2 uncursed topazes Y - an uncursed turquoise Contents of the sack: 133 gold pieces a [cursed] scroll of genocide 2 [uncursed] scrolls of identify a [cursed] scroll of identify a [uncursed] scroll of scare monster a [uncursed] potion of object detection Spells and supernatural/magical abilities: Name Level Category Fail Memory W - pray for help -- divine ? -- Your skills at the end: Miscellaneous Skills wands [Basic] Weapon Skills whip [Basic] Spellcasting Skills Final Attributes: You were devoutly aligned. You had automatic searching. You had infravision. You were very stealthy. You were fast. You are dead. Vanquished creatures: a jaguar a bugbear a gnome lord a gray ooze 5 dwarves 3 hobbits a large kobold a gecko 3 cave spiders a brown mold a red mold 11 gnomes 2 jackals a fox 2 goblins a sewer rat a bat 2 lichens a kobold zombie 40 creatures vanquished. Voluntary challenges: You did not cause conflict. You were not invisible. You did not have reflection. You were not displaced. You used a wielded weapon 70 times, starting on turn 80. You did not apply a unicorn horn. You did not use plumbed fixtures. You did not drink any magical draughts. You were illiterate. You never genocided any monsters. You never polymorphed an object. You never changed form. You used no wishes. You never split a pudding. You never wrote Elbereth's name. You never violated your personal moral code. Dungeon overview: The Dungeons of Doom: levels 1 to 3 Level 1 (box) an altar to Huhetotl a long staircase Level 2 a sink Level 3 stairs to The Gnomish Mines The Gnomish Mines: levels 4 to 7 Level 4 stairs to The Dungeons of Doom Level 5 Level 6 Level 7 <- You were here History has recorded: On T:1 you entered the Dungeons of Doom to retrieve the Amulet of Yendor! On T:65 you reached level 2 of The Dungeons of Doom. On T:207 you advanced to experience level 2. On T:210 you reached level 3 of The Dungeons of Doom. On T:390 you reached level 1 of The Gnomish Mines. On T:398 you advanced to experience level 3. On T:423 you advanced to experience level 4. On T:495 you reached level 2 of The Gnomish Mines. On T:608 you advanced to experience level 5. On T:728 you reached level 3 of The Gnomish Mines. On T:832 you reached level 4 of The Gnomish Mines. On T:849 you prayed to Camaxtli. Score breakdown: Gold: 133 ( 13 points) Experience: 5 levels ( 400 points) Exploration: 7 levels ( 180 points) Discoveries: 20 items ( 1000 points) Variety of kills: 19 monsters ( 950 points) Major goal: (nothing yet) ( 0 points) Survival: died (score multiplied by 3) Total score: 7629 Latest messages: P - a milky potion. You whip the jaguar. (2x) The jaguar claws you! (2x) The jaguar bites! You whip the jaguar. (2x) The jaguar claws you! (2x) The jaguar bites! You whip the jaguar. (2x) The jaguar claws you! (2x) The jaguar bites! You begin praying to Camaxtli. You are surrounded by a shimmering light. The jaguar starts to attack you, but pulls back. (3x) You feel that Camaxtli is well-pleased. You feel much better. You kill the jaguar! You see here a jaguar corpse. You see here 2 yellowish brown gems. R - 2 yellowish brown gems. R - 2 topazes. You find a sleeping gas trap. A cloud of gas puts you to sleep! Something stabs you! (4x) You die... Final status: Goodbye woodfighter the Archeologist, killed by a hobbit, while sleeping... You died in The Gnomish Mines on dungeon level 7 with 7629 points, and 133 pieces of gold, after 864 moves. You were level 5 with a maximum of 36 hit points when you died.